[Event "Late-Titled-Tuesday-Blitz-June-18-2024"]
[Site "Chess.com"]
[Date "2024.06.18"]
[Round "9"]
[White "carloseduar100"]
[Black "LoonsDeKoeben"]
[Result "0-1"]
[WhiteElo "2246"]
[BlackElo "2407"]
[TimeControl "180+1"]
[EndTime "15:46:25 PDT"]
[Termination "LoonsDeKoeben won by resignation"]

1. g3 Nf6 2. Bg2 g6 3. Nf3 Bg7 4. O-O O-O 5. d4 d5 6. c3 c6 7. Nbd2 Nbd7 8. Re1 Re8 9. e4 dxe4 10. Nxe4 Nxe4 11.
Rxe4 e5 12. dxe5 Nxe5 13. Qxd8 Nxf3+ 14. Bxf3 Rxd8 15. Bg5 f6 16. Be3 Bf8 17. Re1 Bf5 18.
Rd4 Re8 19. b4 Re5 20. Red1 Rae8 21. Kg2 g5 22. Rd8 Kf7 23. Bh5+ Bg6 24. R1d7+ R5e7 25. Bxg6+ hxg6 26. Rxe7+ Kxe7 27. Rxe8+ Kxe8 28. Bxa7 b5 29. Kf3 Kd7 30. Ke4 Ke6 31. Be3 f5+ 32. Kd4 g4 33.
Bd2 Bg7+ 34. Kc5 Kd7 35. c4 Bf8+ 36. Kd4 Bg7+ 37. Kd3 Ke6 38. Bc3 Bh6 39. Bd4 Bf8 40. a3 Bd6 41. cxb5 cxb5 42. Ke3 Kd5 43. Kd3 f4 44. Bf6 f3 45. Bg5 Be5 46. Bc1 Bf6 47. Bd2 Bb2 48. Kc2 Bd4 49. Kb3 Bxf2 50.
Kc2 Bxg3 51. hxg3 f2 52. a4 f1=Q 53. axb5 Qxb5 54. Kd1 Ke4 55. Kc1 Kf3 56. Kd1 Kxg3 0-1

[Event "Late-Titled-Tuesday-Blitz-June-18-2024"]
[Site "Chess.com"]
[Date "2024.06.18"]
[Round "9"]
[White "BerlinDrawer"]
[Black "ChessSwole"]
[Result "1-0"]
[WhiteElo "2600"]
[BlackElo "2728"]
[TimeControl "180+1"]
[EndTime "15:46:26 PDT"]
[Termination "BerlinDrawer won by resignation"]

1. d4 Nf6 2. Nf3 d5 3. c4 e6 4. g3 Be7 5. Bg2 O-O 6. O-O dxc4 7. Qc2 a6 8. a4 Bd7 9. Qxc4 Bc6 10. Bg5 Nbd7 11.
Nc3 a5 12. Rfe1 Nb6 13. Qb3 h6 14. Bxf6 Bxf6 15. e4 Be7 16. Red1 Bb4 17. Ne5 Be8 18. h4 Qe7 19. Nc4 Ra6 20. Ne3 Ra8 21. d5 Bc5 22.
Nc4 Qf6 23. Rf1 e5 24. Rad1 Nxc4 25. Qxc4 b6 26. Kh2 Rd8 27. Bh3 Qe7 28. Kg2 c6 29.
Rd3 Bd4 30. dxc6 Bc5 31. Nd5 Qa7 32. c7 Rxd5 33. c8=Q Rxd3 34. Qxd3 Bd4 35. Qcc4 Qe7 36. b3 Qf6 37. f4 Qe7 38. fxe5 Bxe5 39. Bf5 Kh8 40. Qdd5 Rg8 41. Bg4 Rf8 42. Bh5 Kg8 43. Rf5 Bd6 44. e5 Bc5 45. e6 Kh8 46. Bxf7 Bxf7 47.
Rxf7 Rxf7 48. exf7 Qf6 49. Qf3 Qd6 50. Qcf1 Qf8 51.
Qf5 Bd4 52. Q1f3 Bf6 53. Qe6 Be7 54. Qff5 Qd8 55. Qxe7 Qxe7 56. f8=Q+ Qxf8 57. Qxf8+ Kh7 58. Qf3 1-0

[Event "Late-Titled-Tuesday-Blitz-June-18-2024"]
[Site "Chess.com"]
[Date "2024.06.18"]
[Round "9"]
[White "Pelusiansky"]
[Black "ellatambien"]
[Result "1-0"]
[WhiteElo "2587"]
[BlackElo "2700"]
[TimeControl "180+1"]
[EndTime "15:46:26 PDT"]
[Termination "Pelusiansky won on time"]

1. c4 e6 2. d4 d5 3. Nc3 c5 4. cxd5 cxd4 5. Qa4+ Bd7 6. Qxd4 exd5 7. Nf3 Nf6 8. Bg5 Be7 9. e3 Nc6 10. Qd2 O-O 11.
Bd3 Bg4 12. Bxf6 Bxf6 13. Nxd5 g6 14. Nxf6+ Qxf6 15. Be4 Rfe8 16. Bxc6 bxc6 17. Qd4 Qf5 18. Nh4 Qh5 19. O-O Rad8 20. Qa4 Qxh4 21. h3 h5 22. hxg4 hxg4 23. Qf4 Rd2 24. b3 Red8 25. Rac1 R8d6 26. e4 g5 27. Qh2 Qxh2+ 28. Kxh2 Rxa2 29. Kg3 Rdd2 30. Rxc6 Rab2 31. Rc3 Kg7 32. Kxg4 Rxf2 33. Rxf2 Rxf2 34.
Kxg5 Rxg2+ 35. Kf4 Ra2 36. Rc7 Kg6 37. Rb7 Ra5 38. b4 Ra4 39. Ke5 a5 40. b5 Rb4 41.
Kd5 a4 42. e5 a3 43. Kc5 a2 44. Ra7 Rb2 45. b6 Kf5 46. Rxf7+ Kxe5 47. Ra7 Rc2+ 48. Kb5 Kd6 49. Kb4 Kc6 50. Kb3 1-0

[Event "Late-Titled-Tuesday-Blitz-June-18-2024"]
[Site "Chess.com"]
[Date "2024.06.18"]
[Round "9"]
[White "ritanovikova"]
[Black "fabianvivasz"]
[Result "1/2-1/2"]
[WhiteElo "2220"]
[BlackElo "2454"]
[TimeControl "180+1"]
[EndTime "15:46:26 PDT"]
[Termination "Game drawn by repetition"]

1. e4 e5 2. Nf3 Nc6 3. Bc4 Nf6 4. d3 Bc5 5. O-O O-O 6. Bg5 h6 7. Bh4 Be7 8. c3 d6 9. h3 a6 10. a4 Kh8 11. Nbd2 Nh5 12. Bxe7 Qxe7 13. d4 Nf4 14. Re1 Qf6 15. Bf1 exd4 16. cxd4 Nxd4 17. Nxd4 Qxd4 18. Qc2 Be6 19. Nf3 Qf6 20. e5 dxe5 21. Nxe5 c6 22. Kh2 Rad8 23. g3 Ng6 24. Nd3 Bf5 25. Re3 Ne5 26.
Rd1 Bxd3 27. Bxd3 Rd4 28. f4 Nxd3 29. Rexd3 Rfd8 30. Rxd4 Rxd4 31. Rxd4 Qxd4 32. b3 g6 33. Qe2 Kg7 34. h4 b5 35. axb5 axb5 36. Qc2 c5 37. Qe2 c4 38. bxc4 bxc4 39. h5 gxh5 40. Qxh5 c3 41.
Qg4+ Kh7 42. Qf5+ Kg7 43. Qg4+ Kh8 44. Qc8+ Kg7 45. Qg4+ 1/2-1/2

[Event "Late-Titled-Tuesday-Blitz-June-18-2024"]
[Site "Chess.com"]
[Date "2024.06.18"]
[Round "9"]
[White "Losingexperience"]
[Black "bazar-wokzal"]
[Result "1-0"]
[WhiteElo "2747"]
[BlackElo "2597"]
[TimeControl "180+1"]
[EndTime "15:46:27 PDT"]
[Termination "Losingexperience won by checkmate"]

1. e4 Nc6 2. d4 d5 3. e5 h5 4. c3 Bg4 5. Nf3 Qd7 6. Be2 f6 7. O-O O-O-O 8. b4 Bxf3 9. Bxf3 fxe5 10. b5 Na5 11. dxe5 e6 12. Be3 Qxb5 13. Nd2 Bc5 14.
Bg5 Ne7 15. Nb3 Nxb3 16. axb3 Rd7 17. Qc2 Nc6 18. Be2 Qb6 19. b4 Be7 20. Be3 d4 21. cxd4 Nxd4 22. Bxd4 Rxd4 23. Qg6 Bxb4 24. Rac1 Bc5 25.
Bc4 Kb8 26. Rb1 Qc6 27. Qxg7 Rhd8 28. Be2 Bb6 29. Qf6 a5 30. Bxh5 a4 31. Bf3 Qc5 32.
Qxe6 a3 33. Rbc1 Qb5 34. Rb1 Qd3 35. h3 Qd2 36. Rxb6 cxb6 37. Qxb6 R4d7 38. e6 Rc7 39. Qb3 a2 40. Qa3 Rdc8 41. e7 Rc1 42. e8=Q Rxf1+ 43. Kxf1 Rxe8 44. g3 Qc2 45. Kg2 Qc4 46.
Qd6+ Ka7 47. Qd7 Rb8 48. Qg7 Qc1 49. Qd4+ b6 50. Qa4# 1-0

[Event "Late-Titled-Tuesday-Blitz-June-18-2024"]
[Site "Chess.com"]
[Date "2024.06.18"]
[Round "9"]
[White "newyorkmouse"]
[Black "farzadbfd"]
[Result "0-1"]
[WhiteElo "2596"]
[BlackElo "2707"]
[TimeControl "180+1"]
[EndTime "15:46:29 PDT"]
[Termination "farzadbfd won by checkmate"]

1. a3 d5 2. Nf3 Nf6 3. c4 c6 4. g3 Bf5 5. b3 e6 6. Bg2 h6 7. d3 Be7 8. Bb2 O-O 9. O-O a5 10. Nbd2 Na6 11. Qc2 Qb6 12. Ne5 Rfd8 13. Bc3 d4 14.
Bb2 c5 15. e3 dxe3 16. fxe3 Nd7 17. Ne4 Nxe5 18. Bxe5 f6 19. Bb2 Rd7 20. Rad1 Rad8 21.
Rd2 Nc7 22. h3 Ne8 23. g4 Bg6 24. Qc3 Nd6 25. Nxf6+ gxf6 26. Rxf6 Bxf6 27. Qxf6 Kh7 28. h4 Rf7 29. Qe5 Qxb3 30. h5 Bxd3 31. Qxe6 Rdf8 32.
Qxd6 Bb1 33. e4 Qe3+ 34. Kh2 Bxe4 35. Rc2 Bxc2 36. Qd5 Qf4+ 37. Kh3 Qe3+ 38. Kh2 Qg5 39. Qd2 Bb1 40. Qc1 Qxc1 41. Bxc1 Bc2 42. Bb2 Rf2 43.
Kg3 Rd2 44. Bd5 Rxd5 45. cxd5 Be4 46. d6 Rf3+ 47. Kh4 Rd3 48. Be5 Bc6 49. g5 Bd7 50. g6+ Kg8 51. Bg3 a4 52. g7 b5 53. Be5 Rh3# 0-1

[Event "Late-Titled-Tuesday-Blitz-June-18-2024"]
[Site "Chess.com"]
[Date "2024.06.18"]
[Round "9"]
[White "probablybad04"]
[Black "Casper"]
[Result "1-0"]
[WhiteElo "2450"]
[BlackElo "2489"]
[TimeControl "180+1"]
[EndTime "15:46:30 PDT"]
[Termination "probablybad04 won on time"]

1. d4 d5 2. c4 dxc4 3. e3 e6 4. Nf3 Nd7 5. Bxc4 Ngf6 6. O-O a6 7. Nc3 b5 8. Be2 Bb7 9. a4 b4 10. Nb1 c5 11. Nbd2 Be7 12. Nc4 O-O 13. b3 Nd5 14.
Bb2 Rc8 15. Rc1 h6 16. Bd3 Qc7 17. Bb1 Bf6 18. Nce5 Rfd8 19. Qe2 Qb8 20. Qd3 Nxe5 21. Qh7+ Kf8 22. dxe5 Bg5 23. Nxg5 hxg5 24. Rfd1 Ne7 25. h3 Bd5 26. Bc2 Qb7 27. e4 Bc6 28. Rd6 Ng6 29.
Qh5 Qe7 30. Rcd1 c4 31. bxc4 Bb7 32. c5 Kg8 33. Bb3 Nf4 34. Qf3 Ng6 35. Qd3 Rxd6 36. cxd6 Qd7 37. a5 Qc6 38. Rc1 Qd7 39. Rxc8+ Qxc8 40. Qc2 Qd7 41. Qc7 Qxc7 42. dxc7 Kf8 43.
g3 Ke7 44. Ba4 f6 45. exf6+ gxf6 46. Bd4 b3 47. Bc5+ Kf7 48. Bxb3 Ne5 49. f4 Nd3 50. Ba3 gxf4 51. gxf4 Nxf4 52. Kh2 Ne2 53. Bc5 Nc3 54. e5 fxe5 55. h4 Ne4 56. Bb4 Nf6 57.
Kg3 Ne8 58. Kg4 Nxc7 59. Bd6 Nd5 60. Bxe5 Ne3+ 61. Kf4 Nf5 62. h5 Bc6 63. Bc4 Bb7 64. Kg5 Ne7 65. h6 Ng6 66. h7 1-0

[Event "Late-Titled-Tuesday-Blitz-June-18-2024"]
[Site "Chess.com"]
[Date "2024.06.18"]
[Round "9"]
[White "tptagain"]
[Black "DanielNaroditsky"]
[Result "0-1"]
[WhiteElo "2943"]
[BlackElo "3141"]
[TimeControl "180+1"]
[EndTime "15:46:31 PDT"]
[Termination "DanielNaroditsky won by resignation"]

1. d4 Nf6 2. Nf3 g6 3. Bg5 Bg7 4. Nbd2 O-O 5. e4 d5 6. exd5 Nxd5 7. c3 h6 8. Bh4 c5 9. dxc5 Nf4 10. Bg3 Qc7 11. Qa4 e5 12. Nb3 Nd7 13. Qc4 b6 14. Bxf4 exf4 15. O-O-O Nxc5 16. Nxc5 bxc5 17. Qa4 Rb8 18.
Bc4 Bf5 19. Bb3 c4 20. Qxc4 Qa5 21. Nd4 Rbc8 22. Nc6 Qc7 23. Ba4 Kh8 24. Rhe1 Qb6 25. Rd2 Be6 26. Rxe6 fxe6 27. Qxe6 Qa6 28. b3 Rf6 29.
Qe4 Rfxc6 30. Bxc6 Qxc6 31. Rd8+ Kh7 32. Qxc6 Rxc6 33.
c4 Re6 34. Kd2 Re7 35. b4 g5 36. c5 g4 37. Kd3 f3 38. gxf3 gxf3 39. c6 Be5 40. Rd7 Rxd7+ 41. cxd7 Bc7 42. Ke4 Kg6 43. Kxf3 Kf7 44. Kg4 Ke7 45. h4 Kxd7 46. Kh5 Bf4 47. Kg6 Ke6 48. a4 Kd5 49. f3 Kc4 50. b5 Kb4 51.
Kf5 Bd2 52. f4 Kxa4 53. Ke5 Kxb5 54. f5 a5 55. f6 Bc3+ 56. Kf5 a4 57. Kg6 a3 58. f7 Bb4 0-1

[Event "Late-Titled-Tuesday-Blitz-June-18-2024"]
[Site "Chess.com"]
[Date "2024.06.18"]
[Round "9"]
[White "edgarhay012"]
[Black "vladislavkovalev"]
[Result "0-1"]
[WhiteElo "2725"]
[BlackElo "2885"]
[TimeControl "180+1"]
[EndTime "15:46:31 PDT"]
[Termination "vladislavkovalev won on time"]

1. e4 e5 2. Nf3 Nc6 3. Bb5 a6 4. Ba4 Nf6 5. O-O Be7 6. Bxc6 dxc6 7. d3 Nd7 8. Nbd2 O-O 9. Nc4 f6 10. Nh4 Rf7 11. Nf5 Bf8 12. Qf3 Nc5 13. Be3 Ne6 14. Qg3 Kh8 15. Rae1 c5 16. f4 exf4 17. Bxf4 Nxf4 18.
Qxf4 Be6 19. Nce3 Qd7 20. Kh1 Re8 21. b3 a5 22. a4 b6 23. Qh4 Bd6 24. Nxd6 Qxd6 25.
Rf3 Rfe7 26. Ref1 Qe5 27. R3f2 h6 28. Rf3 Kh7 29. h3 c6 30. Ng4 Qg5 31. Qxg5 hxg5 32. Ne3 Kg6 33. Kg1 Rd7 34. Kf2 Rd4 35. Ke2 b5 36.
Nf5 Rb4 37. Nd6 Re7 38. Ra1 Rd7 39. Nf5 c4 40. axb5 cxb3 41. cxb3 cxb5 42. Rxa5 Rxb3 43. Ra6 Bxf5 44. exf5+ Kf7 45. Re3 Rb2+ 46. Kf3 Rc7 47. Ra8 Re7 48. Rb8 b4 0-1

[Event "Late-Titled-Tuesday-Blitz-June-18-2024"]
[Site "Chess.com"]
[Date "2024.06.18"]
[Round "9"]
[White "betta2004"]
[Black "GM_dmitrij"]
[Result "0-1"]
[WhiteElo "2479"]
[BlackElo "3005"]
[TimeControl "180+1"]
[EndTime "15:46:33 PDT"]
[Termination "GM_dmitrij won by resignation"]

1. e4 e5 2. Nf3 Nc6 3. Bc4 Nf6 4. d4 exd4 5. O-O Nxe4 6. Re1 d5 7. Bxd5 Qxd5 8. Nc3 Qd7 9. Rxe4+ Be7 10. Nxd4 f5 11. Rf4 O-O 12. Nxc6 Qxc6 13. Qd5+ Qxd5 14. Nxd5 Bd6 15.
Rd4 Be5 16. Rd1 f4 17. Re1 Bd6 18. f3 Bd7 19. Bd2 Rf7 20. Bb4 Bxb4 21. Nxb4 Bf5 22. Re2 Rd8 23. Rae1 Kf8 24. c4 c6 25. b3 g5 26. Kf2 Kg7 27. Nc2 Kf6 28. g3 Rfd7 29. gxf4 gxf4 30. Na3 Rd2 31. c5 R8d5 32. Rxd2 Rxd2+ 33.
Re2 Rd5 34. b4 a5 35. Rb2 axb4 36. Rxb4 Rxc5 37. Rxb7 Ra5 38. Nc4 Rxa2+ 39. Kg1 Rc2 40. Nd6 Bg6 41. Rc7 Ke5 42. Nb7 Kd4 43. Re7 c5 44. Nd6 c4 45. Nb5+ Kc5 46. Nc7 c3 47. Rg7 Rb2 48. Ne6+ Kd6 49. Nxf4 c2 50. Ne2 Rb1+ 51. Kf2 Rh1 52. Kg3 Re1 53. Nd4 c1=Q 54.
Nb5+ Ke6 55. Nd4+ Kf6 0-1

[Event "Late-Titled-Tuesday-Blitz-June-18-2024"]
[Site "Chess.com"]
[Date "2024.06.18"]
[Round "9"]
[White "ALRS-SPS"]
[Black "maximnovik"]
[Result "1-0"]
[WhiteElo "2439"]
[BlackElo "2554"]
[TimeControl "180+1"]
[EndTime "15:46:35 PDT"]
[Termination "ALRS-SPS won by resignation"]

1. e4 e5 2. Nf3 Nc6 3. Bb5 a6 4. Ba4 Nf6 5. O-O Be7 6. d3 b5 7. Bb3 d6 8. a4 b4 9. Nbd2 O-O 10. a5 Rb8 11. Nc4 Nd7 12. Ba4 Bb7 13. Be3 Ba8 14. Re1 Bf6 15. h3 h6 16. c3 Qc8 17. Qd2 Nd8 18.
cxb4 Ne6 19. Ba7 Rb7 20. Be3 Qb8 21. Bxd7 Rxb4 22. Bxe6 fxe6 23. Ra2 Bxe4 24. dxe4 Rxc4 25. Rc1 Rxe4 26. Qc2 d5 27. Qxc7 Rb4 28. Bb6 Qxc7 29. Rxc7 e4 30. Nd2 Bxb2 31. Bc5 Rb5 32. Bxf8 Kxf8 33.
Rc2 Bd4 34. Rc1 Kf7 35. Nf1 Rb3 36. Ne3 Rxe3 37. Rc7+ Kf6 38. fxe3 Bxe3+ 39. Kf1 Ke5 40. Rc6 d4 41. Rxa6 d3 42. Rb6 Bd4 43. Rb1 e3 44.
a6 Ke4 45. a7 e2+ 46. Ke1 Ke3 47. Rd2 Bxa7 48. Rb3 Ke4 49. Rbxd3 e5 50. Kxe2 Kf5 51. Rf3+ Ke6 52. Ra2 Bc5 53. Ra6+ Kd5 54. Ra5 Kc4 55.
Rxc5+ Kxc5 56. Kd3 e4+ 57. Kxe4 g5 58. Kf5 1-0

[Event "Late-Titled-Tuesday-Blitz-June-18-2024"]
[Site "Chess.com"]
[Date "2024.06.18"]
[Round "9"]
[White "Rawnsdale"]
[Black "Millerkallpa"]
[Result "1-0"]
[WhiteElo "2447"]
[BlackElo "2198"]
[TimeControl "180+1"]
[EndTime "15:46:35 PDT"]
[Termination "Rawnsdale won by resignation"]

1. e4 e5 2. Nf3 Nc6 3. Bb5 a6 4. Ba4 Nf6 5. O-O Be7 6. Re1 b5 7. Bb3 O-O 8. c3 d6 9. h3 Na5 10. Bc2 c5 11. d4 Qc7 12. Nbd2 cxd4 13. cxd4 Nc6 14. d5 Nb4 15. Bb1 a5 16. a3 Na6 17.
b4 Bd7 18. bxa5 Nc5 19. Nb3 Nxb3 20. Qxb3 Rxa5 21. Bd2 Ra4 22. Bd3 Rfa8 23. Bb4 Nh5 24. Rac1 Qd8 25. Bf1 R4a7 26. Qe3 Nf4 27. h4 Rc7 28. g3 Ng6 29. h5 Nf8 30. Rxc7 Qxc7 31. Nxe5 dxe5 32. Bxe7 Bg4 33. d6 Qd7 34. Qg5 Qe6 35.
Bxb5 h6 36. Qe3 Bxh5 37. Bxf8 Kxf8 38. d7 Bg4 39. Rc1 Rd8 40. a4 Qe7 41. Rc7 Qd6 42.
Qc5 Qxc5 43. Rxc5 Bxd7 44. Rd5 Ke7 45. Rxe5+ Kd6 46. Rd5+ Kc7 47. Rxd7+ Rxd7 48. Bxd7 Kxd7 49. f4 Kc7 50. Kf2 Kb6 51. Ke3 Ka5 52. Kd4 Kxa4 53. Kd5 Kb5 54. Kd6 Kc4 55. Ke7 Kd4 56. e5 Ke4 57. Kxf7 Kf3 58. e6 Kxg3 59. e7 h5 60.
e8=Q h4 61. Kxg7 h3 62. Qh5 h2 63. f5 Kg2 64. f6 h1=Q 65. Qxh1+ Kxh1 66. f7 Kg2 67. f8=Q 1-0

[Event "Late-Titled-Tuesday-Blitz-June-18-2024"]
[Site "Chess.com"]
[Date "2024.06.18"]
[Round "9"]
[White "VaglioSagan"]
[Black "xakevicius91"]
[Result "0-1"]
[WhiteElo "2526"]
[BlackElo "2652"]
[TimeControl "180+1"]
[EndTime "15:46:38 PDT"]
[Termination "xakevicius91 won on time"]

1. d4 Nf6 2. Nf3 e6 3. e3 b6 4. b3 Bb7 5. Bb2 d5 6. Bd3 Bd6 7. O-O O-O 8. c4 Nbd7 9. Nc3 a6 10. Qe2 Ne4 11. cxd5 exd5 12. Bxe4 dxe4 13. Nd2 f5 14.
Nc4 Rf6 15. Nxd6 Rxd6 16. Qc4+ Kh8 17. Ne2 Rc8 18. Nf4 Qe8 19. Rac1 Nf6 20. Rfd1 Nd5 21. Nxd5 Rxd5 22. Rc2 Qd7 23. Rdc1 h6 24. Qe2 Qf7 25. g3 Kh7 26. b4 Rd7 27. Qc4 Bd5 28. Qxa6 Ra8 29.
Qb5 Rxa2 30. Ba1 Rxc2 31. Rxc2 Rd8 32. Qf1 Ra8 33. Qc1 Ra7 34. Bc3 Qd7 35. Be1 c6 36. b5 cxb5 37. Bb4 Bc4 38. d5 Qxd5 39. Bc3 Rd7 40. Rd2 Qe6 41. Qb2 Rd3 42. Rxd3 exd3 43. Bxg7 d2 44. Qxd2 Kxg7 45. Qd4+ Qf6 46. Qd7+ Kf8 47.
Qc8+ Kf7 48. Qd7+ Kg8 49. Qe8+ Kg7 50. Qd7+ Bf7 51. h4 b4 52. Qb5 b3 53. Kh2 b2 54.
e4 fxe4 55. Kh3 Qxf2 56. Qe5+ Qf6 57. Qb5 Be6+ 58. g4 Qf3+ 59. Kh2 Qf4+ 60. Kg2 Qxg4+ 61.
Kf2 Qxh4+ 62. Ke3 Qg5+ 63. Kd4 Qxb5 0-1

[Event "Late-Titled-Tuesday-Blitz-June-18-2024"]
[Site "Chess.com"]
[Date "2024.06.18"]
[Round "9"]
[White "mostafa_sakha"]
[Black "Sondremelaa"]
[Result "1-0"]
[WhiteElo "2457"]
[BlackElo "2610"]
[TimeControl "180+1"]
[EndTime "15:46:38 PDT"]
[Termination "mostafa_sakha won by checkmate"]

1. d4 d5 2. c4 e6 3. Nc3 a6 4. cxd5 exd5 5. Nf3 Nf6 6. Bf4 Bd6 7. Bxd6 Qxd6 8. e3 O-O 9. Bd3 c5 10. dxc5 Qxc5 11.
O-O Nc6 12. Rc1 Qb6 13. Na4 Qd8 14. Nd4 Nxd4 15. exd4 Bg4 16. Qb3 Rb8 17. Qb6 Bd7 18. Qxd8 Rfxd8 19. Nb6 Be6 20. Rc7 Rd6 21. Na4 Nd7 22.
Rfc1 Kf8 23. f3 h6 24. h4 Ke8 25.
Kf2 Kd8 26. b4 Nb6 27. Nxb6 Rxb6 28. a3 Rc8 29. Rxc8+ Bxc8 30. Rc5 Be6 31. f4 g6 32. h5 gxh5 33. f5 Bd7 34. Rxd5 Ke7 35. f6+ Ke6 36. Rxh5 Rd6 37. Ke3 Bc6 38. g3 Rd8 39. Rxh6 Rg8 40. Bc4+ Kd6 41. Kf4 Bd5 42. Bxd5 Kxd5 43. g4 Kxd4 44.
g5 Kd5 45. Kf5 Kc4 46. Rh7 Rf8 47. Rxf7 Rxf7 48. g6 Rd7 49. f7 Rd3 50. g7 Rf3+ 51.
Ke6 Re3+ 52. Kd7 Rd3+ 53. Kc7 Rxa3 54. f8=Q Rc3 55. g8=Q+ Kb5+ 56. Qc5+ Rxc5+ 57. bxc5 Kxc5 58. Kxb7 a5 59. Qa2 Kb4 60. Ka6 a4 61. Kb6 a3 62.
Ka6 Ka4 63. Kb6 Kb4 64. Kc6 Ka4 65. Kc5 Ka5 66. Qxa3# 1-0

[Event "Late-Titled-Tuesday-Blitz-June-18-2024"]
[Site "Chess.com"]
[Date "2024.06.18"]
[Round "9"]
[White "protectiago"]
[Black "N_I_Chess"]
[Result "0-1"]
[WhiteElo "2140"]
[BlackElo "2313"]
[TimeControl "180+1"]
[EndTime "15:46:41 PDT"]
[Termination "N_I_Chess won on time"]

1. d4 Nf6 2. c4 e6 3. g3 Bb4+ 4.
Bd2 Qe7 5. Nf3 O-O 6. Bg2 Bxd2+ 7. Nbxd2 d6 8. O-O Nbd7 9. Qc2 e5 10. dxe5 Nxe5 11.
e4 Bd7 12. Nd4 Nc6 13. N2b3 Rfe8 14. Rfe1 a5 15. Rad1 a4 16. Nxc6 bxc6 17. Nd4 c5 18.
Nb5 Bxb5 19. cxb5 Ra5 20. Qc3 Rxb5 21. e5 dxe5 22. Bc6 Rbb8 23. Bxe8 Rxe8 24. Qa5 e4 25.
Qxa4 Ng4 26. Qd7 Qe5 27. h3 Nf6 28. Qb5 h5 29. a4 h4 30. Re3 hxg3 31. Rxg3 Re6 32. Qe2 Nh5 33. Qg4 g6 34. Rd8+ Kh7 35. Qg5 Qxg5 36. Rxg5 e3 37. fxe3 Rxe3 38. Rxc5 Nf4 39.
Rxc7 Nxh3+ 40. Kg2 Ng5 41. Rdd7 Re2+ 42. Kg3 Rxb2 43. a5 Ra2 44. Rd5 Ne4+ 45. Kf4 Nf6 46.
Rd6 Kg7 47. a6 Ra4+ 48. Kf3 Ra3+ 49. Ke2 Ra2+ 50. Kd1 Ra3 51. Kc2 Ra2+ 52. Kb3 Ra5 53. Kb4 Ra1 54. Rcc6 Rb1+ 55. Ka3 Ne4 0-1

[Event "Late-Titled-Tuesday-Blitz-June-18-2024"]
[Site "Chess.com"]
[Date "2024.06.18"]
[Round "9"]
[White "Zq1"]
[Black "szefru"]
[Result "0-1"]
[WhiteElo "2486"]
[BlackElo "2367"]
[TimeControl "180+1"]
[EndTime "15:46:42 PDT"]
[Termination "szefru won on time"]

1. Nf3 Nf6 2. c4 g6 3. Nc3 Bg7 4. e4 d6 5. d4 O-O 6. Be2 e5 7. O-O Nc6 8. d5 Ne7 9. Ne1 Nd7 10. Be3 f5 11. f3 f4 12. Bf2 g5 13. Nb5 Nf6 14.
Nxa7 Bd7 15. Nb5 h5 16. Nc3 g4 17. Bh4 g3 18. hxg3 Ng6 19. Nd3 fxg3 20. Bxg3 Bh6 21. f4 h4 22. Bh2 exf4 23. Nxf4 Ne5 24. Ne6 Bxe6 25. dxe6 Be3+ 26. Kh1 Qe7 27. Nd5 Qg7 28. Bxe5 dxe5 29. Nxf6+ Rxf6 30. e7 Qxe7 31. Qd5+ Kg7 32. Rxf6 Qxf6 33. Rf1 Qe7 34. Qxb7 Rd8 35. Qb3 Bf4 36.
Qh3 Rd2 37. Qg4+ Kh6 38. b4 Rxa2 39. Qh5+ Kg7 40. Bg4 Qf7 41. Qxh4 Qg6 42. Qh5 Qxh5+ 43. Bxh5 Rc2 44. c5 Bd2 45. Rf7+ Kh6 46. Bf3 Bf4 47. g4 Rb2 48. Rxc7 Rxb4 49. Rc6+ Kg5 50. Re6 Kh4 51. g5 Kg3 52. Bd1 Rd4 53. Be2 Rxe4 0-1

[Event "Late-Titled-Tuesday-Blitz-June-18-2024"]
[Site "Chess.com"]
[Date "2024.06.18"]
[Round "9"]
[White "HamedWafa4"]
[Black "Patricius007"]
[Result "1-0"]
[WhiteElo "2659"]
[BlackElo "2546"]
[TimeControl "180+1"]
[EndTime "15:46:43 PDT"]
[Termination "HamedWafa4 won by checkmate"]

1. e4 e6 2. d4 d5 3. e5 c5 4. c3 Nc6 5. Nf3 Qb6 6. Be2 Bd7 7.
O-O a5 8. Na3 c4 9. Nc2 Nge7 10.
h4 Qc7 11. a4 f6 12. Bf4 Ng6 13. Bg3 fxe5 14. dxe5 Bc5 15. Ncd4 Nxd4 16. cxd4 Bb4 17. h5 Ne7 18. h6 gxh6 19. Nh4 O-O-O 20. Rc1 Kb8 21. Bf4 Rhg8 22. Bd2 Ng6 23. Nxg6 hxg6 24. Qe1 Qb6 25. Bc3 g5 26. Rb1 Bxa4 27. Ra1 Bd7 28.
Qd2 Rdf8 29. Rfb1 Bc6 30. Bg4 Be8 31. Rc1 h5 32. Bd1 g4 33. b3 g3 34. f4 Bxc3 35.
Rxc3 Bb5 36. Rb1 Qa7 37. Bf3 Rg7 38. bxc4 Bxc4 39. Ra3 a4 40. Kh1 h4 41. Qb4 Rxf4 42.
Rxa4 Qxa4 43. Qxa4 Rf8 44. Qb4 Rd8 45. Qb6 Rc7 46.
Qxe6 Rh8 47. Qf6 Rg8 48. e6 h3 49. gxh3 Bd3 50. Rd1 Be4 51. Bxe4 dxe4 52. Qf5 g2+ 53. Kg1 e3 54. Qe5 e2 55. Qxe2 Kc8 56. Qe5 Re8 57. d5 Rc2 58. d6 Rg8 59. d7+ Kd8 60. e7# 1-0

[Event "Late-Titled-Tuesday-Blitz-June-18-2024"]
[Site "Chess.com"]
[Date "2024.06.18"]
[Round "9"]
[White "Statham_01"]
[Black "Igor_Lysyj"]
[Result "1-0"]
[WhiteElo "2738"]
[BlackElo "2840"]
[TimeControl "180+1"]
[EndTime "15:46:46 PDT"]
[Termination "Statham_01 won on time"]

1. e4 e5 2. Nf3 Nc6 3. c3 d5 4.
Bb5 dxe4 5. Nxe5 Qd5 6. Qa4 Ne7 7. f4 exf3 8. Nxf3 a6 9. Bc4 Qe4+ 10. Kf2 Be6 11. d3 Qf5 12. Bxe6 Qxe6 13. Re1 Qf5 14. d4 O-O-O 15. Be3 Nd5 16. Nd2 Bd6 17. Kg1 Rde8 18.
Bf2 Nf4 19. Nc4 Qg4 20. Nxd6+ cxd6 21. Bg3 Ne2+ 22. Kf2 Nxg3 23. hxg3 Qd7 24. b4 Ne5 25. Qc2 Ng4+ 26. Kg1 h6 27. c4 Rxe1+ 28. Rxe1 Re8 29. Rc1 Kb8 30. c5 dxc5 31. bxc5 Re3 32. Qb2 Qb5 33.
Qd2 Qe2 34. Qxe2 Rxe2 35. d5 Ne3 36. d6 Rxg2+ 37. Kh1 Rxg3 38. Ne5 Kc8 39. c6 bxc6 40. Rxc6+ Kd8 41. Rc7 Rh3+ 42. Kg1 Rg3+ 43. Kh2 Ng4+ 44.
Kxg3 Nxe5 45. Ra7 Nc6 46. Rxf7 g5 47. Rh7 a5 48. Rxh6 Kd7 49. Kg4 Nb4 50. a3 Nc2 51. a4 Ne3+ 52. Kxg5 Nc4 53. Kf4 Nxd6 54. Rh5 1-0

[Event "Late-Titled-Tuesday-Blitz-June-18-2024"]
[Site "Chess.com"]
[Date "2024.06.18"]
[Round "9"]
[White "K-Nygren"]
[Black "AldokhinIvan"]
[Result "0-1"]
[WhiteElo "2547"]
[BlackElo "2666"]
[TimeControl "180+1"]
[EndTime "15:46:48 PDT"]
[Termination "AldokhinIvan won by resignation"]

1. e4 c5 2. Nf3 e6 3. d4 cxd4 4. Nxd4 a6 5. Nd2 Qc7 6. Bd3 Nf6 7. c4 Bd6 8. N2f3 Nc6 9. Nxc6 dxc6 10. Qe2 e5 11.
Bg5 Be6 12. h3 Bb4+ 13. Kf1 h6 14. Bh4 Nh5 15. Bg3 Nxg3+ 16. fxg3 Bc5 17. Qc2 O-O 18. g4 Rad8 19. Ke2 Ba7 20. Rad1 Qb6 21. c5 Qxc5 22. Qxc5 Bxc5 23. Nxe5 Bxa2 24. Bc4 Bxc4+ 25. Nxc4 Rfe8 26. Rxd8 Rxd8 27. Rd1 Rxd1 28. Kxd1 Bb4 29. Ke2 Kf8 30. Kd3 Ke7 31. e5 Ke6 32. Ke4 b5 33. Ne3 g6 34.
Nc2 Bc5 35. Ne1 Be7 36. Nd3 g5 37. Ne1 c5 38. Nc2 c4 39. Nd4+ Kd7 40. Kd5 Bb4 41. Nc6 a5 42. Na7 c3 43. bxc3 Bxc3 44. Nxb5 Bb2 45.
Nd6 a4 46. Nxf7 a3 47. e6+ Ke7 48. Nd6 a2 49. Nf5+ Kf6 50. e7 Kf7 51. Kd6 a1=Q 52. Nxh6+ Ke8 53. Ke6 Qa6+ 54. Kf5 Qxh6 0-1

[Event "Late-Titled-Tuesday-Blitz-June-18-2024"]
[Site "Chess.com"]
[Date "2024.06.18"]
[Round "9"]
[White "A4RookA3"]
[Black "noblerone"]
[Result "1-0"]
[WhiteElo "2451"]
[BlackElo "2514"]
[TimeControl "180+1"]
[EndTime "15:46:49 PDT"]
[Termination "A4RookA3 won on time"]

1. d4 d5 2. Bf4 Nf6 3. e3 e6 4.
Nf3 Bd6 5. Nbd2 c5 6. dxc5 Bxc5 7.
c4 O-O 8. Bd3 Nc6 9. O-O a6 10.
Rc1 Be7 11. a3 Bd7 12. h3 Rc8 13. Qe2 dxc4 14. Nxc4 b5 15. Nd6 Bxd6 16. Bxd6 Re8 17. Rfd1 Qb6 18. Ne5 Nxe5 19. Bxe5 Bc6 20. Bxf6 gxf6 21.
Qg4+ Kf8 22. Qh4 Kg7 23. Qxh7+ Kf8 24. Be4 Bxe4 25. Qxe4 Kg7 26. Qg4+ Kf8 27. Qf4 Kg7 28. Rxc8 Rxc8 29. Rd7 Qc6 30. Re7 e5 31. Qg4+ Kf8 32. Ra7 Rc7 33. Rxc7 Qxc7 34. h4 Qc1+ 35. Kh2 Qxb2 36.
Qb4+ Qxb4 37. axb4 f5 38. Kg1 Ke7 39. f3 Kf6 40. Kf2 f4 41. g4 a5 42. bxa5 b4 43. a6 b3 44. a7 b2 45. a8=Q b1=Q 46. Qc6+ Kg7 47. Qc3 Qa2+ 48. Kf1 Qb1+ 49. Kf2 Qa2+ 50. Kf1 Qd5 51. exf4 Qb5+ 52. Kf2 f6 53. fxe5 fxe5 54. Qe3 Qb2+ 55. Qe2 Qb8 56. Kg2 Kf6 57. h5 Qb7 58.
Qc2 1-0